 Dungeon Crawl Stone Soup version 0.14-a0-987-gc8002fa (webtiles) character file.

156 Malachi the Ducker (level 4, -1/36 HPs)
             Began as a Vampire Berserker on Nov 21, 2013.
             Was a Believer of Trog.
             Slain by an adder (3 damage)
             ... on Level 3 of the Dungeon.
             The game lasted 00:03:13 (1743 turns).

Malachi the Ducker (Vampire Berserker)              Turns: 1743, Time: 00:03:13

HP  -1/36        AC  6     Str 17      XL: 4   Next: 39%
MP   4/4         EV  8     Int  9      God: Trog [**....]
Gold 61          SH  0     Dex 11 (13) Spells:  0 memorised,  3 levels left

Res.Fire  : . . .   See Invis. : +   a - +0 hand axe
Res.Cold  : . . .   Warding    : .   l - +0 scale mail
Life Prot.: . . .   Conserve   : .   (no shield)
Res.Poison: .       Res.Corr.  : .   (no helmet)
Res.Elec. : .       Clarity    : .   (no cloak)
Sust.Abil.: . .     Spirit.Shd : .   (no gloves)
Res.Mut.  : .       Stasis     : .   (no boots)
Res.Rott. : .       Flight     : .   (no amulet)
Saprovore : . . .                    (no ring)
                                     (no ring)

@: regenerating, mildly poisoned, quite resistant to hostile enchantments,
extremely unstealthy
A: fangs 3, see invisible, unbreathing
a: Burn Spellbooks, Berserk, Trog's Hand, Renounce Religion


You were on level 3 of the Dungeon.
You worshipped Trog.
Trog was pleased with you.
You were very full.

You visited 1 branch of the dungeon, and saw 3 of its levels.

You collected 61 gold pieces.

Inventory:

Hand weapons
 a - a +0,+0 hand axe (weapon)
Missiles
 g - 3 curare-tipped needles
Armour
 l - a +0 scale mail (worn)
Scrolls
 d - 5 scrolls of magic mapping {unknown}
 e - a scroll of amnesia {unknown}
 f - a scroll of blinking {unknown}
 h - 2 scrolls of remove curse {unknown}
 i - 5 scrolls of identify {unknown}
 n - a scroll of curse weapon {unknown}
 r - a scroll of enchant weapon II {unknown}
Potions
 b - a potion of might {unknown}
 c - 2 potions of blood
 j - a potion of curing {unknown}
 k - a potion of speed
 m - a potion of heal wounds {unknown}
 o - a potion of poison {unknown}
 p - a potion of degeneration
 q - a potion of berserk rage {unknown}
 s - a potion of flight {unknown}


   Skills:
 + Level 3.3 Fighting
 + Level 3.2 Axes
 + Level 2.0 Armour
 + Level 3.4 Dodging
 + Level 1.2 Stealth


You had 3 spell levels left.
You didn't know any spells.

Dungeon Overview and Level Annotations

Branches:
Dungeon (3/16)

Altars:


Innate Abilities, Weirdness & Mutations

Your natural rate of healing is unusually fast.
You have razor-sharp teeth.*
You have supernaturally acute eyesight.
You can survive without breathing.*


Message History

You feel sick.
Things that are here:
an orcish hand axe; an orcish leather armour You completely miss the quokka.
You hit the adder.
The adder is almost dead.
The adder bites you.
* * * LOW HITPOINT WARNING * * *
The adder bites you but does no damage. The quokka bites you.
* * * LOW HITPOINT WARNING * * *
Drink which item? (? for menu, Esc to quit)
There was something very wrong with that liquid!
You feel clumsy.
It was a potion of degeneration.
The adder bites you but does no damage. The quokka bites you.
* * * LOW HITPOINT WARNING * * *
Use which ability? (? or * to list)
Your skin crawls.
You feel resistant to hostile enchantments.
You feel slightly less full. The adder bites you.
You die...

###################..#
....#..#
....#..########
#.(.#.........)
+...#.(########
#...#.(## #...#.(.+
#...#..## #.@.#..#
#.Sr#..# #...#.)#
#...)..#
###########...#..#
..............#..#
..............#..#
.............#..#
#########+####..#


You could see an adder and a quokka.

Vanquished Creatures
  An orc priest (D:3)
  An adder (D:2)
  A worm (D:3)
  2 giant geckos
  3 orcs (D:3)
  A giant cockroach (D:2)
  5 hobgoblins
  A ball python (D:1)
  7 bats
  2 giant newts (D:1)
  8 goblins
  12 kobolds
  6 rats
50 creatures vanquished.

Notes
Turn   | Place    | Note
--------------------------------------------------------------
     0 | D:1      | Malachi, the Vampire Berserker, began the quest for the Orb.
     0 | D:1      | Reached XP level 1. HP: 18/18 MP: 1/1
   291 | D:1      | Reached skill level 3 in Fighting
   291 | D:1      | Reached XP level 2. HP: 21/24 MP: 2/2
   518 | D:1      | Acquired Trog's second power
   970 | D:2      | Reached XP level 3. HP: 28/30 MP: 3/3
  1710 | D:3      | Reached skill level 1 in Stealth
  1710 | D:3      | Reached XP level 4. HP: 15/36 MP: 4/4
  1742 | D:3      | HP: 1/36 [quokka (1)]
  1743 | D:3      | Slain by an adder

Action                   |  1- 3 |  4- 6 || total
-------------------------+-------+-------++-------
Melee: Hand axe          |   186 |    12 ||   198
Invok: Trog's Hand       |       |     1 ||     1
  Use: Potion            |       |     1 ||     1
